 Dungeon Crawl Stone Soup version 0.19.5 (webtiles) character file.

45 Izlandir the Chopper (level 3, -1/29 HPs)
             Began as a Demonspawn Abyssal Knight on Feb 2, 2017.
             Was a Believer of Lugonu.
             Slain by an adder (3 damage)
             ... on level 2 of the Dungeon on Apr 4, 2017.
             The game lasted 00:06:16 (1794 turns).

Izlandir the Chopper (Demonspawn Abyssal Knight)    Turns: 1794, Time: 00:06:17

Health: -1/29      AC:  3    Str: 13    XL:     3   Next: 42%
Magic:  4/4        EV: 11    Int: 13    God:    Lugonu [**....]
Gold:   148        SH:  0    Dex: 12    Spells: 0 memorised, 2 levels left

rFire  . . .     SeeInvis .     a - +1 hand axe
rCold  . . .     Gourm    .     b - +0 leather armour
rNeg   . . .     Faith    .     (no shield)
rPois  .         Spirit   .     (no helmet)
rElec  .         Reflect  .     (no cloak)
rCorr  .         Harm     .     (no gloves)
MR     .....                    (no boots)
Stlth  ++........               (no amulet)
                                (no ring)
                                (no ring)

@: lethally poisoned (-1 -> -10)
A: nightstalker 1
a: Depart the Abyss, Bend Space, Renounce Religion


You were on level 2 of the Dungeon.
You worshipped Lugonu.
Lugonu was pleased with you.
You were not hungry.

You visited 1 branch of the dungeon, and saw 2 of its levels.
You visited the Abyss 1 time.

You collected 148 gold pieces.

Inventory:

Hand Weapons
 a - a +1 hand axe (weapon)
Armour
 b - a +0 leather armour (worn)
Scrolls
 e - 2 scrolls of identify {unknown}
 f - a scroll of enchant weapon {unknown}
 g - a scroll of remove curse {unknown}
 h - a scroll of fear {unknown}
 j - a scroll of teleportation {unknown}
 k - a scroll of recharging {unknown}
 m - a scroll of random uselessness {unknown}
Comestibles
 c - 2 bread rations
 l - a royal jelly


   Skills:
 - Level 3.1 Fighting
 * Level 3.3 Axes
 - Level 1.7 Armour
 - Level 0.8 Dodging
 - Level 2.4 Invocations


You had 2 spell levels left.
You didn't know any spells.

Dungeon Overview and Level Annotations

Branches:
Dungeon (2/15)

Altars:


Innate Abilities, Weirdness & Mutations

You are slightly more attuned to the shadows.


Message History

All of the chunks of flesh in your inventory have rotted away.
You miss the adder.
The adder is heavily wounded.
You feel sick. The adder bites you.
* * * LOW HITPOINT WARNING * * *
You are lethally poisoned!
The adder poisons you!
It was a potion of cancellation.
You feel magically purged.
* * * LOW HITPOINT WARNING * * *
You feel sick. The adder barely misses you.
The adder bites you but does no damage.
You closely miss the adder.
The adder is heavily wounded.
* * * LOW HITPOINT WARNING * * *
You feel sick. The adder bites you.
* * * LOW HITPOINT WARNING * * *
You hit the adder.
The adder is almost dead.
The adder bites you.
You die...

#.# #.# #.# #.# #.# ...
#(# #.# .. #.# ##.# #.
##)# #..# #.#########..#
#.## #####...........##
#.# .......##.##.##.# ##
####.# # #...lS@....##.#
##. .....##.
##...##.#####.# #..
............#....... ..#
#.
.....##.#.#..l###........
# .....# # .... #.####.##
#. .....# ..?.. #.# ..#
.....# ###.. #.# # ...#
.....# ...# ##.#. #.#.#
#.#### #...#
...#.##.##.##


You could see an adder and a frilled lizard.

Vanquished Creatures
  A worm (D:2)
  2 dart slugs
  2 leopard geckos
  A ball python (D:1)
  3 giant cockroaches
  8 goblins
  4 hobgoblins (D:1)
  3 kobolds
  3 bats
  A frilled lizard (D:2)
  5 rats
33 creatures vanquished.

Notes
Turn   | Place    | Note
-------+----------+-------------------------------------------
     0 | Abyss:1  | Izlandir the Demonspawn Abyssal Knight began the quest for the Orb.
     0 | Abyss:1  | Reached XP level 1. HP: 18/18 MP: 2/2
    18 | D:1      | Escaped the Abyss
    56 | D:1      | Upgraded the game from 0.19.4 to 0.19.5
   256 | D:1      | Gained mutation: You are slightly more attuned to the shadows. [demonic ancestry]
   256 | D:1      | Reached XP level 2. HP: 24/24 MP: 3/3
   768 | D:1      | Reached ** piety under Lugonu
  1250 | D:2      | Reached XP level 3. HP: 29/29 MP: 4/4
  1794 | D:2      | Slain by an adder

Skill      XL: |  1  2 |
---------------+-------+-----
Axes           | 2 3 |  3.3
Fighting       | |  3.1
Armour         | |  1.7
Dodging        | |  0.8
Invocations    | |  2.4

Action                   || total
-------------------------++-------
Melee: Hand axe          ||   143
  Use: Potion            ||     1
 Stab: Sleeping          ||     6
  Eat: Chunk             ||     3
Armor: Leather armour    ||    38
Dodge: Dodged            ||    82
